 Dungeon Crawl Stone Soup version 0.28-a0-1616-g050a50673c (webtiles) character file.

Game seed: 10206727384062128940

0 croobank the Skirmisher (level 1, -2/19 HPs)
             Began as a Draconian Abyssal Knight on Jan 22, 2022.
             Was a Follower of Lugonu.
             Killed by divine providence
             ... invoked by a daeva
              (15 damage)
             ... on level 2 of the Abyss.
             The game lasted 00:01:44 (162 turns).

croobank the Skirmisher (Draconian Abyssal Knight)   Turns: 162, Time: 00:01:44

Health: -2/19      AC:  4    Str: 15    XL:     1   Next: 0%
Magic:  2/2        EV: 12    Int: 10    God:    Lugonu [*.....]
Gold:   0          SH:  0    Dex: 11    Spells: 0/0 levels left

rFire   . . .      SeeInvis .   a - +1 hand axe
rCold   . . .      Faith    .   (no shield)
rNeg    . . .      Spirit   .   (armour unavailable)
rPois   .          Reflect  .   (helmet restricted)
rElec   .          Harm     .   (no cloak)
rCorr   .          Rampage  .   (no gloves)
Will    .....                   (no boots)
Stlth   +.........              (no amulet)
HPRegen 0.06/turn               (no ring)
MPRegen 0.08/turn               (no ring)

@: no status effects
A: AC +4, unfitting armour, cold-blooded
a: Renounce Religion, Depart the Abyss


You were on level 2 of the Abyss.
You worshipped Lugonu.
Lugonu was aware of your devotion.
You visited 0 branches of the dungeon, and saw 0 of its levels.
You visited the Abyss 1 time.

Inventory:

Hand Weapons
 a - a +1 hand axe (weapon)


   Skills:
 + Level 3.2 Fighting
 + Level 2.0 Axes
 + Level 2.1 Dodging
 + Level 2.0 Invocations


You couldn't memorise any spells.
You didn't know any spells.
Your spell library was empty.

Dungeon Overview and Level Annotations

Branches:
Dungeon (0/15)

Altars:


Innate Abilities, Weirdness & Mutations

Your plain brown scales are hard. (AC +4)
You cannot fit into any form of body armour.
You are cold-blooded and may be slowed by cold attacks.


Message History

Found a corrupted altar of Lugonu.
Found a gateway leading deeper into the Abyss.
There is a gateway leading deeper into the Abyss here.
You plunge deeper into the Abyss.
A spatial vortex comes into view.
A spatial vortex is nearby!
Press: ? - help, . - travel You can't see that place. [the floor.]
An ufetubus comes into view.
The ufetubus shouts!
The ufetubus closely misses you. x3; The ufetubus hits you.
You barely miss the ufetubus. The ufetubus misses you.
The ufetubus closely misses you.
You miss the ufetubus.
Your tail-slap misses the ufetubus.
The ufetubus hits you. x2; The ufetubus misses you. x2
You barely miss the ufetubus. The ufetubus closely misses you.
The ufetubus barely misses you. x2
The ufetubus hits you but does no damage.
You hit the ufetubus.
The ufetubus is moderately wounded.
The ufetubus hits you but does no damage. x3
The ufetubus hits you.
You miss the ufetubus.
The ufetubus is moderately wounded.
The ufetubus barely misses you. The ufetubus closely misses you.
The ufetubus hits you but does no damage.
The ufetubus barely misses you.
You slash the ufetubus!
You kill the ufetubus!
That felt strangely unrewarding.
You enter the shallow water.
Moving in this stuff is going to be slow.
A small abomination comes into view.
A daeva comes into view.
It is wielding a +5 scimitar of holy wrath.
The daeva shouts!
The daeva calls down the wrath of the Shining One upon you.
The Shining One smites you!
Ouch! That really hurt!
You die...

#A. .. ## #.#
. . .. #..##
##. ....##
#..##....#
#...#..#
#@..# #..##
## ##...##.#
.##.##.#.#
#......#.#
...##....##
### ...#
#...#.####...
#.# ..####...
. ## ##.
#....#..# #


You could see a daeva.

Vanquished Creatures
  An ufetubus (Abyss:2)
1 creature vanquished.

Notes
Turn   | Place    | Note
-------+----------+-------------------------------------------
     0 | Abyss:1  | croobank the Draconian Abyssal Knight began the quest for
                  | the Orb.
     0 | Abyss:1  | Reached XP level 1. HP: 19/19 MP: 2/2
    49 | Abyss:2  | Noticed a spatial vortex
   133 | Abyss:2  | Noticed a small abomination
   162 | Abyss:2  | Noticed a daeva
   162 | Abyss:2  | Killed from afar by a daeva

Illustrated notes

Levels and vault maps discovered:
Abyss:2:  base: Temple, patterned_corridor, due_exit_kobolds,
          eino_small_chamber_without_monster

Action                   || total
-------------------------++-------
Melee: Hand axe          ||     6
Armor: Skin              ||     5
Dodge: Dodged            ||    13

Table legend: (Time is in decaauts)
 A = Elapsed time spent in this place.
 B = Non-inter-level travel time spent in this place.
 C = Inter-level travel time spent in this place.
 D = Time resting spent in this place.
 E = Time spent auto-exploring this place.
 F = Levels seen in this place.
 G = Mean time per level.
                   A        B        C        D        E       F      G
               +--------+--------+--------+--------+--------+-----+--------+
         Total |    163 |    163 |      0 |      0 |     43 |   2 |   81.5 |
         Abyss |    163 |    163 |      0 |      0 |     43 |   2 |   81.5 |
               +--------+--------+--------+--------+--------+-----+--------+

Top non-repeatable levels by time:
 Abyss:2: 151 daAuts
 Abyss:1: 12 daAuts
